 Dungeon Crawl Stone Soup version 0.30.1-3-gfc49f6343a (webtiles) character file.

Game seed: 17012843168577682770

361 Anriel the Magician (level 6, -1/32 HPs)
             Began as a Deep Elf Fire Elementalist on Aug 8, 2023.
             Slain by an iguana (8 damage)
             ... on level 5 of the Dungeon.
             The game lasted 00:24:03 (3505 turns).

Anriel the Magician (Deep Elf Fire Elementalist)    Turns: 3505, Time: 00:24:04

Health: -1/32      AC:  3    Str:  5    XL:     6   Next: 38%
Magic:  12/15      EV: 12    Int: 22    God:
Gold:   260        SH:  0    Dex: 15    Spells: 4/15 levels left

rFire   + . .        i - staff of fire
rCold   . . .        (no shield)
rNeg    . . .        a - +0 robe
rPois   .            (no helmet)
rElec   .            (no cloak)
rCorr   .            o - +0 pair of gloves
SInv    .            (no boots)
Will    .....        (no amulet)
Stlth   ++           (no ring)
HPRegen 0.25/turn    (no ring)
MPRegen 0.14/turn

%: no passive effects
@: no status effects
A: no striking features
a: no special abilities


You were on level 5 of the Dungeon.
You visited 2 branches of the dungeon, and saw 6 of its levels.

You collected 284 gold pieces.
You spent 24 gold pieces at shops.

Inventory:

Armour
 a - a +0 robe (worn)
 o - a +0 pair of gloves (worn)
Magical Staves
 i - a staff of fire (weapon)
Jewellery
 n - a ring of see invisible
 p - a +6 ring of intelligence
 q - a ring of flight
Wands
 k - a wand of mindburst (15)
Scrolls
 e - a scroll of amnesia
 f - a scroll of enchant weapon
 j - 2 scrolls of immolation
 s - a scroll of teleportation
Potions
 b - 2 potions of magic
 c - 2 potions of brilliance
 d - a potion of invisibility
 g - a potion of cancellation {unknown}
 h - 3 potions of curing
 l - 2 potions of berserk rage
 m - a potion of attraction {unknown}
 r - 2 potions of mutation {unknown}


   Skills:
 - Level 2.4 Dodging
 - Level 2.4 Stealth
 - Level 5.2 Spellcasting
 - Level 5.1 Conjurations
 + Level 0.0 Hexes
 * Level 0.0 Translocations
 + Level 4.8 Fire Magic


You had 4 spell levels left.
You knew the following spells:

 Your Spells              Type           Power      Damage    Failure   Level
a - Foxfire               Conj/Fire      100%       2x1d9     1%          1
b - Volatile Blastmotes   Fire/Tloc      48%        2d14      11%         3
c - Inner Flame           Hex/Fire       24%        N/A       11%         3
d - Flame Wave            Conj/Fire      41%        2d11      13%         4

Your spell library contained the following spells:

 Spells                   Type           Power      Damage    Failure   Level
 Scorch                   Fire           80%        2d8       1%          2
 Slow                     Hex            20%        N/A       10%         1
 Sticky Flame             Conj/Fire      41%        2d6       13%         4
 Ignite Poison            Fire/Tmut/Pois 19%        N/A       16%         3
 Confusing Touch          Hex            5%         N/A       30%         3
 Vampiric Draining        Necr           5%         2d6       30%         3
 Ignition                 Fire           20%        3d7       100%        8


Dungeon Overview and Level Annotations

Branches:
Dungeon (5/15)             Temple (1/1) D:5

Altars:
Cheibriados
Dithmenos
Gozag
Kikubaaqudgha
Nemelex Xobeh
Okawaru
Qazlal
Ru
Xom
Yredelemnul
The Shining One

Shops:
D:3 ?:=::


Message History

There is an open door here.
The iguana hisses angrily.
Casting: Foxfire (safe; 1% risk of failure)
Confirm with . or Enter, or press ? or * to list all spells.
You feel a surge of power!
You conjure some foxfire!
The iguana hisses menacingly.
The foxfire hits the iguana but does no damage.
You hit the iguana but do no damage. You punch the iguana, but do no damage.
The foxfire hits the iguana.
The iguana is lightly wounded.
The iguana barely misses you.
Casting: Foxfire (safe; 1% risk of failure)
Confirm with . or Enter, or press ? or * to list all spells.
You feel a surge of power!
You conjure some foxfire!
The iguana barely misses you.
You hit the iguana.
The iguana is lightly wounded.
The foxfire hits the iguana but does no damage.
The iguana is lightly wounded.
The iguana closely misses you. The iguana bites you.
There is an open door here.
Casting: Foxfire (safe; 1% risk of failure)
Confirm with . or Enter, or press ? or * to list all spells.
You feel a surge of power!
You conjure some foxfire!
The iguana bites you but does no damage.
The foxfire hits the iguana!
The iguana is severely wounded.
The foxfire hits the iguana but does no damage.
The iguana is severely wounded.
You hit the iguana but do no damage.
The iguana is severely wounded.
The iguana bites you! The iguana attacks as you move away!
The iguana bites you.
Casting: Foxfire (safe; 1% risk of failure)
Confirm with . or Enter, or press ? or * to list all spells.
You feel a surge of power!
You conjure some foxfire!
The iguana bites you!
* * * LOW HITPOINT WARNING * * *
The iguana attacks as you move away! The iguana bites you!
You die...

#.#.. # #...#
#.##...# #.#
.....# #.#
#.#.###.#
#....##.#
###'###..#
#...l.##.#
#.###@##.##.#
+.#>v.v.<...#
#[###)####....#
#.....# .#.#
###+### #


You could see an iguana (ally target).

Vanquished Creatures
  An ogre (D:5)
  2 sleepcaps (D:4)
  12 adders
  A worm (D:3)
  15 dart slugs
  An orc (D:4)
  7 ball pythons
  5 bats
  6 endoplasms
  5 giant cockroaches
  12 goblins
  5 hobgoblins
  2 jackals (D:3)
  2 kobolds
  6 quokkas
  3 frilled lizards
  3 rats
88 creatures vanquished.

Vanquished Creatures (others)
  217 foxfires
217 creatures vanquished.

Grand Total: 305 creatures vanquished

Notes
Turn   | Place    | Note
-------+----------+-------------------------------------------
     0 | D:1      | Anriel the Deep Elf Fire Elementalist began the quest for
                  | the Orb.
     0 | D:1      | Reached XP level 1. HP: 10/10 MP: 6/6
   279 | D:1      | Reached XP level 2. HP: 15/15 MP: 6/8
   970 | D:2      | Reached XP level 3. HP: 18/19 MP: 8/10
  1185 | D:2      | Learned a level 3 spell: Volatile Blastmotes
  1189 | D:2      | Learned a level 3 spell: Inner Flame
  1428 | D:2      | Reached XP level 4. HP: 24/24 MP: 8/11
  1543 | D:2      | Learned a level 4 spell: Flame Wave
  1770 | D:3      | Found Judwud's Jewellery Boutique.
  1862 | D:3      | Found Kacaseka's Book Shop.
  1864 | D:3      | Found Xidelull's Book Emporium.
  1908 | D:3      | Found an opulent altar of Gozag.
  2003 | D:3      | Found Nathraull's Book Shop.
  2013 | D:3      | Reached XP level 5. HP: 28/28 MP: 11/13
  2218 | D:3      | Found Eqod's Magic Scroll Emporium.
  2222 | D:3      | Bought a scroll of identify for 24 gold pieces
  2310 | D:3      | Found a basalt altar of Yredelemnul.
  2505 | D:4      | Found a stormy altar of Qazlal.
  3194 | D:4      | Reached XP level 6. HP: 26/32 MP: 12/15
  3360 | D:5      | Entered Level 5 of the Dungeon
  3364 | D:5      | Found a staircase to the Ecumenical Temple.
  3371 | D:5      | Reached skill level 5 in Spellcasting
  3371 | D:5      | Reached skill level 5 in Conjurations
  3377 | Temple   | Entered the Ecumenical Temple
  3505 | D:5      | Slain by an iguana

Illustrated notes

Levels and vault maps discovered:
D:1:      erik_arrival_blinker_ship, layout_basic, chequers_avenue, minivault_27
D:2:      layout_loops_ring
D:3:      kennysheep_slugbush, layout_rooms,
          nicolae_gozag_cash_rules_everything_around_me,
          mainiacjoe_overflow_surrounded_room, serial_shops,
          nicolae_lakefront_shop, shop, shop, nicolae_book_shop_shelving,
          nicolae_shop_pleasant_corner_grove, minmay_fountain_box,
          minmay_diced_spiral
D:4:      layout_loops_ring, mainiacjoe_overflow_chevrons, minmay_pentomino_pile
D:5:      layout_rooms, lemuel_coloured_pillars_altar, lightli_temple_of_fire,
          minmay_temple_entry_glassed_door
Temple:   nicolae_temple_ecumenical_triangle

Skill      XL: |  1  2  3  4  5  6 |
---------------+-------------------+-----
Conjurations   | 2 3 4 5 |  5.1
Fire Magic     | 4 |  4.8
Spellcasting   | 4 5 |  5.2
Dodging        | |  2.4
Stealth        | |  2.4

Action                     |  1- 3 |  4- 6 || total
---------------------------+-------+-------++-------
  Melee: Staff             |    14 |    22 ||    36
         Punch             |       |     3 ||     3
   Cast: Foxfire           |    48 |    83 ||   131
    Use: Scroll            |     4 |    10 ||    14
         Potion            |       |     1 ||     1
 Armour: Robe              |     4 |     9 ||    13
  Dodge: Dodged            |    21 |    26 ||    47
